 Seeded DCSS version 0.27-a0-650-g8dd3ea4f36 (webtiles) character file.

Game seed: 314159265359 (custom seed)

698 Snicker the Sneak (level 7, 0/51 HPs)
             Began as a Demonspawn Brigand on Mar 15, 2021.
             Slain by a black bear (3 damage)
             ... on level 5 of the Dungeon.
             The game lasted 00:06:02 (4278 turns).

Snicker the Sneak (Demonspawn Brigand)              Turns: 4278, Time: 00:06:21

Health: 0/51       AC:  8    Str: 12    XL:     7   Next: 38%
Magic:  7/7        EV: 11    Int: 12    God:
Gold:   107        SH:  0    Dex: 16    Spells: 6/6 levels left

rFire    . . .     SeeInvis .   b - +4 quarterstaff (chaos)
rCold    + . .     Faith    .   (shield currently unavailable)
rNeg     . . .     Spirit   .   x - +0 ring mail {rC+}
rPois    .         Reflect  .   (no helmet)
rElec    .         Harm     .   v - +2 cloak {Stlth+}
rCorr    .         Rampage  .   (no gloves)
Will     .....                  (no boots)
Stlth    ++++......             (no amulet)
HPRegen  0.17/turn              h - +4 ring of slaying
MPRegen  0.10/turn              (no ring)

@: no status effects
A: claws 1, foul stench 1, powered by death 2
a: no special abilities


You were on level 5 of the Dungeon.
You visited 1 branch of the dungeon, and saw 4 of its levels.

You collected 107 gold pieces.

Inventory:

Hand Weapons
 a - a +2 dagger of pain
 b - a +4 quarterstaff of chaos (weapon)
 y - a +2 dagger
Missiles
 d - 8 poisoned darts
 e - 2 curare-tipped darts (quivered)
 A - 4 silver boomerangs
Armour
 c - a +0 cloak
 u - a +0 robe
 v - a +2 cloak of stealth (worn)
 x - a +0 ring mail of cold resistance (worn)
Jewellery
 h - a +4 ring of slaying (right claw)
Wands
 p - a wand of flame (14)
 w - a wand of random effects (20)
Scrolls
 f - a scroll of blinking {unknown}
 g - 2 scrolls of magic mapping {unknown}
 i - 2 scrolls of immolation {unknown}
 j - a scroll of identify {unknown}
 k - a scroll of fear {unknown}
 l - 2 scrolls of enchant armour {unknown}
 r - a scroll of noise {unknown}
 s - a scroll of teleportation {unknown}
Potions
 n - a potion of invisibility {unknown}
 o - a potion of flight {unknown}
 q - a potion of berserk rage {unknown}
 t - a potion of ambrosia {unknown}
 z - a potion of degeneration {unknown}


   Skills:
 + Level 2.9 Fighting
 * Level 4.4 Short Blades
 + Level 2.0 Throwing
 + Level 0.4 Armour
 + Level 2.5 Dodging
 * Level 6.6 Stealth


You had 6 spell levels left.
You didn't know any spells.
Your spell library was empty.

Dungeon Overview and Level Annotations

Branches:
Dungeon (3/15)

Altars:
Elyvilon
Fedhas
Kikubaaqudgha
Nemelex Xobeh
Qazlal


Innate Abilities, Weirdness & Mutations

You have sharp fingernails.
You may rarely emit foul miasma when damaged in melee.
You regenerate health from kills.


Message History

The water moccasin skeleton barely misses you.
Things that are here:
a +0 shortbow; 22 arrows; a centaur corpse You hit the water moccasin skeleton.
The water moccasin skeleton is lightly damaged.
The water moccasin skeleton misses you. The black bear bites you.
The black bear barely misses you.
The black bear claws you but does no damage.
You closely miss the water moccasin skeleton.
The water moccasin skeleton is lightly damaged.
The white imp shouts, "Give up, thou craven fob-snatching strumpet!"
The water moccasin skeleton barely misses you.
Okay, then.
Unknown command.
Unknown command.
Your +4 quarterstaff of chaos is briefly surrounded by a scintillating aura of random colours.
b - a +4 quarterstaff of chaos (weapon)
The black bear bites you!
* * * LOW HITPOINT WARNING * * *
The black bear claws you but does no damage.
The black bear barely misses you.
You closely miss the water moccasin skeleton.
The water moccasin skeleton is lightly damaged.
The water moccasin skeleton bites you.
* * * LOW HITPOINT WARNING * * *
The black bear bites you.
* * * LOW HITPOINT WARNING * * *
The black bear claws you but does no damage.
The black bear claws you.
* * * LOW HITPOINT WARNING * * *
You emit a cloud of foul miasma!
The water moccasin skeleton bites you.
* * * LOW HITPOINT WARNING * * *
You feel better.
The black bear is engulfed in dark miasma.
The black bear is poisoned.
The black bear seems to slow down.
The black bear bites you.
* * * LOW HITPOINT WARNING * * *
The black bear claws you but does no damage.
The black bear claws you.
You die...

#..#...# #S..#≈..
#....#.. #.......
#..#...# #...#...
#...$#S. #######
#...#... #zZ@h5#
#..#...# ##.###Z#
#....... §...☼#.##
#....#.. #.....#YZ#
#YZ.#... ...._...z.#
#Z.#(..# #. .....#..#
#...#... #
....§##.######....#..
##.# #....§.zZ.......
... #...#####...###.


You could see a black bear (poisoned, slow), a wight, a white imp, a water
moccasin skeleton and a hound skeleton.

Vanquished Creatures
  Sigmund (D:3)
  A centaur (D:5)
  Crazy Yiuf (D:2)
  2 orc priests
  Terence (D:3)
  Jessica (D:2)
  A worker ant (D:2)
  Natasha (thrice) (D:2)
  2 orc wizards (D:3)
  A hound skeleton (D:5)
  4 gnolls
  4 adders
  An ufetubus (D:5)
  An ooze (D:2)
  A dart slug (D:3)
  2 leopard geckos
  6 orcs
  3 ball pythons
  6 bats
  A giant cockroach (D:2)
  12 hobgoblins
  3 jackals (D:1)
  3 quokkas
  4 frilled lizards
  3 goblins
  A kobold (D:1)
  10 rats
79 creatures vanquished.

Notes
Turn   | Place    | Note
-------+----------+-------------------------------------------
     0 | D:1      | Snicker the Demonspawn Brigand began the quest for the Orb.
     0 | D:1      | Reached XP level 1. HP: 16/16 MP: 1/1
   253 | D:1      | Reached skill level 4 in Stealth
   538 | D:1      | Gained mutation: You regenerate a little health from kills.
                  | [demonic ancestry]
   538 | D:1      | Reached XP level 2. HP: 22/22 MP: 2/2
   634 | D:1      | Found a sparkling altar of Nemelex Xobeh.
  1237 | D:2      | Reached skill level 1 in Dodging
  1237 | D:2      | Gained mutation: You may rarely emit foul miasma when
                  | damaged in melee. [demonic ancestry]
  1237 | D:2      | Reached XP level 3. HP: 27/27 MP: 3/3
  1257 | D:2      | Noticed Natasha
  1264 | D:2      | Killed Natasha
  1265 | D:2      | Reached XP level 4. HP: 27/33 MP: 4/4
  1269 | D:2      | Noticed Natasha
  1276 | D:2      | Killed Natasha
  1277 | D:2      | Reached skill level 5 in Stealth
  1279 | D:2      | Noticed Natasha
  1287 | D:2      | Killed Natasha
  1696 | D:2      | Noticed Jessica
  1730 | D:2      | Reached XP level 5. HP: 17/39 MP: 5/5
  1842 | D:2      | Killed Jessica
  1981 | D:2      | Found a runed translucent door.
  1982 | D:2      | Noticed Crazy Yiuf
  2177 | D:2      | Found a blossoming altar of Fedhas.
  2454 | D:2      | Killed Crazy Yiuf
  2800 | D:3      | Noticed Sigmund
  2801 | D:3      | Killed Sigmund
  2802 | D:3      | Gained mutation: You regenerate health from kills. [demonic
                  | ancestry]
  2802 | D:3      | Reached XP level 6. HP: 46/46 MP: 6/6
  3028 | D:2      | Reached skill level 6 in Stealth
  3563 | D:3      | Noticed Terence
  3567 | D:3      | Killed Terence
  3568 | D:3      | Gained mutation: You have sharp fingernails. [demonic
                  | ancestry]
  3568 | D:3      | Reached XP level 7. HP: 51/51 MP: 7/7
  3570 | D:3      | Found a stormy altar of Qazlal.
  4217 | D:3      | You fall into a shaft and drop 2 floors!
  4217 | D:5      | Entered Level 5 of the Dungeon
  4259 | D:5      | Found an ancient bone altar of Kikubaaqudgha.
  4277 | D:5      | HP: 1/51 [water moccasin skeleton (2)]
  4278 | D:5      | Slain by a black bear

Illustrated notes

Levels and vault maps discovered:
D:1:      evilmike_arrival_fibonacci_small, layout_basic,
          nemelex_diamond_rough_becter
D:2:      layout_basic, fedhas_ov_isle_minmay, uniq_jessica, uniq_natasha,
          uniq_crazy_yiuf_cottage
D:3:      layout_loops_ring, nicolae_vehumet_radiance,
          grunt_temple_overflow_open, kennysheep_generic_room_3, uniq_terence,
          uniq_sigmund
D:5:      cheibrodos_fzero, layout_layer_cave,
          nicolae_kikubaaqudgha_miasma_corner, uniq_ijyb

Skill      XL: |  1  2  3  4  5  6 |
---------------+-------------------+-----
Stealth        | 4 5 6 |  6.6
Short Blades   | 2 3 4 |  4.4
Dodging        | 1 2 |  2.5
Throwing       | 2 |  2.0
Fighting       | |  2.9
Armour         | |  0.4

Action                   |  1- 3 |  4- 6 |  7- 9 || total
-------------------------+-------+-------+-------++-------
Melee: Dagger            |    41 |   105 |    77 ||   223
       Quarterstaff      |       |       |     1 ||     1
Throw: Dart              |       |     2 |       ||     2
  Use: Potion            |       |       |     2 ||     2
 Stab: Sleeping          |     4 |     7 |     3 ||    14
       Distracted        |       |     2 |       ||     2
Armor: Robe              |     8 |    17 |       ||    25
       Ring mail         |       |       |    29 ||    29
Dodge: Dodged            |    17 |    76 |    48 ||   141

Table legend: (Time is in decaauts)
 A = Elapsed time spent in this place.
 B = Non-inter-level travel time spent in this place.
 C = Inter-level travel time spent in this place.
 D = Time resting spent in this place.
 E = Time spent auto-exploring this place.
 F = Levels seen in this place.
 G = Mean time per level.
                   A        B        C        D        E       F      G
               +--------+--------+--------+--------+--------+-----+--------+
         Total |   4248 |   4178 |     70 |   1540 |   1957 |   4 | 1062.0 |
       Dungeon |   4248 |   4178 |     70 |   1540 |   1957 |   4 | 1062.0 |
               +--------+--------+--------+--------+--------+-----+--------+

Top non-repeatable levels by time:
     D:2: 2210 daAuts
     D:1: 1197 daAuts
     D:3: 784 daAuts
     D:5: 56 daAuts
